 Dungeon Crawl Stone Soup version 0.29.1-15-g9cfb28693d (webtiles) character file.

Game seed: 6141489461348897661

149 croobank the Insei (level 5, -10/34 HPs)
             Began as an Octopode Transmuter on Mar 8, 2023.
             Killed by divine providence
             ... invoked by an orc priest
              (12 damage)
             ... on level 4 of the Dungeon.
             The game lasted 00:06:02 (3170 turns).

croobank the Insei (Octopode Transmuter)            Turns: 3170, Time: 00:06:02

Health: -10/34     AC:  1    Str: 10    XL:     5   Next: 31%
Magic:  7/9        EV: 13    Int: 17    God:
Gold:   80         SH:  0    Dex: 12    Spells: 6/9 levels left

rFire   . . .      SeeInvis .   b - +0 short sword
rCold   . . .      Faith    .   (no shield)
rNeg    . . .      Spirit   .   (helmet currently unavailable)
rPois   .          Reflect  .   (no amulet)
rElec   .          Harm     .   (no ring)
rCorr   .          Rampage  .   (no ring)
Will    .....                   (no ring)
Stlth   +++.......              (no ring)
HPRegen 0.11/turn               (no ring)
MPRegen 0.11/turn               (no ring)
                                (no ring)
                                (no ring)

@: appendages (expiring), wereblooded
A: tentacle spike 3, almost no armour, amphibious, 8 rings, camouflage 1,
gelatinous body 1, nimble swimmer 1, tentacles
a: End Transformation


You were on level 4 of the Dungeon.
One of your tentacles had grown a beastly spike.
You visited 1 branch of the dungeon, and saw 4 of its levels.

You collected 80 gold pieces.

Inventory:

Hand Weapons
 b - a +0 short sword (weapon)
 h - a +0 hand axe
 n - a +0 trident
Missiles
 r - 3 poisoned darts
Jewellery
 s - a ring of ice
Scrolls
 j - a scroll of immolation {unknown}
 k - a scroll of identify {unknown}
 m - a scroll of torment {unknown}
 o - a scroll of enchant weapon {unknown}
 p - a scroll of silence {unknown}
 q - a scroll of amnesia {unknown}
Potions
 a - a potion of lignification
 c - 2 potions of haste {unknown}
 d - 2 potions of heal wounds {unknown}
 e - a potion of flight {unknown}
 g - a potion of ambrosia {unknown}
 i - a potion of brilliance {unknown}
 l - a potion of mutation {unknown}


   Skills:
 + Level 2.2 Fighting
 + Level 1.9 Short Blades
 + Level 2.9 Dodging
 - Level 3.0 Unarmed Combat
 + Level 2.7 Spellcasting
 + Level 3.0 Transmutations


You had 6 spell levels left.
You knew the following spells:

 Your Spells              Type           Power      Damage    Failure   Level
a - Beastly Appendage     Tmut           24%        N/A       5%          1
b - Wereblood             Tmut           12%        N/A       8%          2

Your spell library contained the following spells:

 Spells                   Type           Power      Damage    Failure   Level
 Spider Form              Tmut/Pois      7%         N/A       28%         3
 Ice Form                 Ice/Tmut       7%         N/A       67%         4
 Animate Dead             Necr           2%         N/A       87%         4
 Borgnjor's Vile Clutch   Necr/Erth      1%         N/A       99%         5
 Death Channel            Necr           1%         N/A       100%        6


Dungeon Overview and Level Annotations

Branches:
Dungeon (4/15)
 Temple: D:4-7

Altars:
Hepliaklqana


Innate Abilities, Weirdness & Mutations

One of your tentacles has grown a beastly spike.
You cannot wear most types of armour.
You are amphibious.
You can wear up to eight rings at the same time.
Your skin changes colour to match your surroundings (Stealth+).
Your rubbery body absorbs attacks. (AC +1, EV +1)
You are camouflaged when in or above water. (Stealth+)
You have tentacles for arms and can constrict up to eight enemies at once.


Message History

You hit the orc.
The orc is moderately wounded.
You constrict the orc. The orc barely misses you.
You hit the orc but do no damage.
You pierce the orc.
You feel a bit better.
You kill the orc!
An orc warrior and an orc come into view.
Your transformation is almost over.
The orc warrior shouts!
You hear a shout!
An orc comes into view. It is wielding a +0 dagger.
The gnoll hits you with a +0 spear.
Things that are here:
a +0 short sword; a +0 leather armour You are too injured to fight recklessly!
You are too injured to fight recklessly!
You are too injured to fight recklessly!
The orc shouts!
You hit the gnoll. Your grab misses the gnoll.
The gnoll is heavily wounded.
You howl as the wereblood boils in your veins!
An orc priest comes into view. It is wielding a +0 club.
The gnoll closely misses you.
You barely miss the gnoll. Your grab misses the gnoll.
You pierce the gnoll.
The gnoll is heavily wounded.
The gnoll hits you with a +0 spear.
You hit the gnoll but do no damage. Your grab misses the gnoll.
You squeeze the gnoll, but do no damage.
The gnoll is heavily wounded.
The gnoll hits you with a +0 spear.
* * * LOW HITPOINT WARNING * * *
As you read the scroll labelled VAECHU MARIC, it crumbles to dust.
You feel strangely unstable.
It was a scroll of teleportation.
The gnoll closely misses you.
The gnoll hits you from afar with a +0 spear.
* * * LOW HITPOINT WARNING * * *
Your surroundings suddenly seem different.
Floosh!
Found a stone staircase leading down.
The orc priest calls down the wrath of Beogh upon you.
Beogh smites you!
You die...

#......####.#
####........#.
##.........
#..........
♣♣..>...# ..
♣♣.......#...
♣♣..........#
..♣...≈~≈.....#
.....≈≈@≈≈....#
.....~~♣~g....# ..#
.....≈≈~≈≈....# ..#
..♣...≈~≈.....#....#
. ♣♣......o.o.#....#
♣♣.....oo.g#....#
♣♣###....g#....# #
#.......).....# .
#........#....#.# #


You could see an orc warrior, an orc priest, 3 gnolls and 2 orcs.

Vanquished Creatures
  5 gnolls (D:3)
  3 adders
  A worm (D:2)
  2 dart slugs (D:1)
  2 orcs (D:4)
  7 endoplasms
  A giant cockroach (D:2)
  5 goblins
  9 hobgoblins
  2 quokkas (D:1)
  6 ball pythons
  4 bats
  9 frilled lizards
  7 kobolds
  3 rats (D:1)
66 creatures vanquished.

Vanquished Creatures (others)
  9 plants (D:2)
9 creatures vanquished.

Grand Total: 75 creatures vanquished

Notes
Turn   | Place    | Note
-------+----------+-------------------------------------------
     0 | D:1      | croobank the Octopode Transmuter began the quest for the
                  | Orb.
     0 | D:1      | Reached XP level 1. HP: 13/13 MP: 3/3
   247 | D:1      | Reached XP level 2. HP: 18/18 MP: 3/5
   334 | D:1      | Learned a level 2 spell: Wereblood
   766 | D:1      | Reached XP level 3. HP: 23/23 MP: 3/6
  1093 | D:2      | Reached skill level 1 in Short Blades
  1469 | D:2      | Reached XP level 4. HP: 22/29 MP: 3/7
  1996 | D:3      | Found a hazy altar of Hepliaklqana.
  2307 | D:3      | Reached XP level 5. HP: 19/34 MP: 5/9
  3163 | D:4      | Noticed an orc warrior
  3170 | D:4      | Killed from afar by an orc priest

Illustrated notes

Levels and vault maps discovered:
D:1:      spicycebolla_green_bress_n_ham, layout_basic
D:2:      layout_loops_ring, minmay_lizard_king
D:3:      layout_loops_cross, mainiacjoe_overflow_brackets
D:4:      layout_basic, elyvilon_altar_3, minmay_temple_entry_ruins

Skill      XL: |  1  2  3  4  5 |
---------------+----------------+-----
Short Blades   | 1 |  1.9
Fighting       | 2 |  2.2
Transmutations | 3 |  3.0
Dodging        | |  2.9
Unarmed Combat | |  3.0
Spellcasting   | |  2.7

Action                   |  1- 3 |  4- 6 || total
-------------------------+-------+-------++-------
Melee: Short sword       |    70 |    64 ||   134
       Kick              |    14 |    20 ||    34
       Constrict         |    19 |    12 ||    31
       Tentacles         |    13 |    13 ||    26
 Cast: Beastly Appendage |    18 |    17 ||    35
       Wereblood         |    13 |    16 ||    29
  Use: Scroll            |       |     1 ||     1
 Stab: Sleeping          |     7 |     5 ||    12
Armor: Skin              |     7 |     4 ||    11
Dodge: Dodged            |    42 |    34 ||    76
